 Dungeon Crawl Stone Soup version 0.28-a0-476-g0f06bd746f (webtiles) character file.

Game seed: 1401717329163405697

2691 Squid the Cleaver (level 9, -1/78 (81) HPs)
             Began as a Hill Orc Berserker on Sept 16, 2021.
             Was an Initiate of Beogh.
             Slain by a wight (2 damage)
             ... on level 7 of the Dungeon.
             The game lasted 00:15:09 (5437 turns).

Squid the Cleaver (Hill Orc Berserker)              Turns: 5437, Time: 00:15:10

HP:   -1/78 (81)    AC: 12    Str: 23      XL:     9   Next: 65%
MP:   9/9           EV:  9    Int:  7      God:    Beogh [......]
Gold: 254           SH:  0    Dex:  9 (10) Spells: 8/8 levels left

rFire   . . .      SeeInvis .   a - +2 hand axe (drain)
rCold   . . .      Faith    .   (no shield)
rNeg    . . .      Spirit   .   e - +0 chain mail
rPois   .          Reflect  .   (no helmet)
rElec   .          Harm     .   (no cloak)
rCorr   .          Rampage  .   b - +0 pair of gloves
Will    .....                   (no boots)
Stlth   ..........              (no amulet)
HPRegen 0.23/turn               (no ring)
MPRegen 0.11/turn               (no ring)

@: on berserk cooldown, slowed, lightly drained, very slow
A: deterioration 1, wild magic 1
a: Renounce Religion


You were on level 7 of the Dungeon.
You worshipped Beogh.
Beogh was noncommittal.
You visited 1 branch of the dungeon, and saw 6 of its levels.
You also visited: Sewer and Ossuary.

You collected 254 gold pieces.

Inventory:

Hand Weapons
 a - a +2 hand axe of draining (weapon)
Armour
 b - a +0 pair of gloves (worn)
 e - a +0 chain mail (worn)
Wands
 c - a wand of iceblast (3) (quivered)
Scrolls
 r - a scroll of blinking
Potions
 d - a potion of attraction
 g - 3 potions of might
 p - a potion of mutation


   Skills:
 + Level 7.9 Fighting
 + Level 11.4 Axes
 + Level 7.6 Armour
 - Level 2.3 Dodging
 + Level 3.2 Evocations


You had 8 spell levels left.
You didn't know any spells.
Your spell library was empty.

Dungeon Overview and Level Annotations

Branches:
Dungeon (7/15)              Sewer (visited)         Ossuary (visited)
 Temple: D:4-7

Altars:
Ashenzari
Kikubaaqudgha

Shops:
D:6 =

Annotations:
D:7 Dowan, Duvessa


Innate Abilities, Weirdness & Mutations

Your body sometimes deteriorates upon taking damage.
Your spells are a little harder to cast, but a little more powerful.


Message History

You feel much better.
You feel much better. The steam dragon breathes steam at you.
The ball of steam hits you!
Okay, then.
The steam dragon bites you. The steam dragon claws you.
The wight is engulfed in a cloud of scalding steam.
The steam dragon breathes steam at you. The ball of steam misses you.
The wight hits you with a +3 falchion. The steam dragon bites you.
* * * LOW HITPOINT WARNING * * *
The steam dragon claws you but does no damage.
The wight hits you with a +3 falchion.
* * * LOW HITPOINT WARNING * * *
The wight completely misses you. The steam dragon bites you.
* * * LOW HITPOINT WARNING * * *
The steam dragon barely misses you.
Dowan says, "Stay away from my face!"
The wight hits you but does no damage. The steam dragon barely misses you. x2
The white imp gestures at you. The puff of frost hits you!
* * * LOW HITPOINT WARNING * * *
The wight barely misses you.
Dowan gestures at Duvessa while chanting.
Duvessa seems to speed up.
The white imp hits you but does no damage.
The wight hits you with a +2 falchion.
* * * LOW HITPOINT WARNING * * *
You feel drained. The wight hits you with a +3 falchion.
* * * LOW HITPOINT WARNING * * *
You hit the wight but do no damage.
The wight is moderately damaged.
You barely miss the steam dragon. You slash the white imp! You hit the wight.
The white imp sputters.
The white imp hits you but does no damage.
Dowan gestures wildly while chanting.
Dowan blinks!
The wight barely misses you. The wight hits you with a +3 falchion.
You die...

#..§........#.#
#...........#.#
#...........#.##
#....<......+..# ####
#...........#..# .....
#...........#..# .....
#.(......Z..'..#5.....
#......Dzz.§##)#z.....
##+#+##.@5....e))z....
#.#e.###)#§.....
#.#..# #.#eZ...)
#.#..# #+# .....
#.#..# ..... #.#..#
.... #.#..# ....
#.#..#


You could see Duvessa (fast), a steam dragon, Dowan, 2 wights, a white imp and a
wyvern skeleton.

Vanquished Creatures
  Eustachio (D:5)
  3 steam dragons
  A water moccasin (D:6)
  4 sky beasts
  An orc warrior (D:7)
  2 ice beasts (D:6)
  A necrophage (D:6)
  2 ogres
  2 phantoms (D:4)
  2 bullfrogs (Sewer)
  2 scorpions (D:4)
  A water moccasin skeleton (D:5)
  A howler monkey (D:4)
  A wight (D:7)
  4 centaur zombies (Ossuary)
  2 hounds (D:4)
  A human zombie (D:6)
  A centaur skeleton (D:5)
  2 orc priests (D:5)
  4 iguanas
  A hound skeleton (D:4)
  5 mummies (Ossuary)
  A howler monkey skeleton (D:4)
  6 adders
  2 worms (D:5)
  5 orcs
  5 ball pythons
  2 bats (D:1)
  2 bat zombies (D:5)
  2 endoplasms (D:1)
  6 giant cockroaches
  2 goblins (D:1)
  5 hobgoblins
  4 jackals (D:1)
  5 quokkas
  7 frilled lizards
  4 hobgoblin zombies (Ossuary)
  3 kobolds
  6 rats (D:1)
111 creatures vanquished.

Vanquished Creatures (others)
  A wight (D:7)
  An orc priest (D:7)
2 creatures vanquished.

Grand Total: 113 creatures vanquished

Notes
Turn   | Place    | Note
-------+----------+-------------------------------------------
     0 | D:1      | Squid the Hill Orc Berserker began the quest for the Orb.
     0 | D:1      | Reached XP level 1. HP: 19/19 MP: 1/1
   289 | D:1      | Reached XP level 2. HP: 27/27 MP: 2/2
   558 | D:1      | Found a faded altar of an unknown god.
   837 | D:1      | Reached XP level 3. HP: 30/33 MP: 3/3
   994 | D:2      | You fall into a shaft and drop 2 floors!
   994 | D:4      | Noticed a phantom
  1003 | D:4      | Killed a phantom
  1004 | D:4      | Reached skill level 5 in Axes
  1004 | D:4      | Reached XP level 4. HP: 41/41 MP: 4/4
  1005 | D:4      | Reached XP level 5. HP: 47/47 MP: 5/5
  1111 | D:4      | Reached skill level 5 in Fighting
  1111 | D:4      | Reached skill level 6 in Axes
  1172 | D:4      | Noticed an ogre
  1176 | D:4      | Killed an ogre
  1177 | D:4      | Reached XP level 6. HP: 56/56 MP: 6/6
  1406 | D:4      | Reached skill level 7 in Axes
  1574 | D:4      | Reached ** piety under Trog
  1579 | D:4      | Reached XP level 7. HP: 61/61 MP: 7/7
  2173 | D:5      | Entered Level 5 of the Dungeon
  2188 | D:5      | Reached skill level 1 in Evocations
  2191 | D:5      | Reached skill level 8 in Axes
  2272 | D:5      | Found a broken altar of Ashenzari.
  2384 | D:5      | Noticed Eustachio
  2399 | D:5      | Killed Eustachio
  2448 | D:5      | Reached XP level 8. HP: 67/70 MP: 8/8
  2466 | D:5      | Reached skill level 5 in Armour
  2552 | D:5      | Reached skill level 9 in Axes
  2668 | D:5      | Found a glowing drain.
  2680 | Sewer    | Entered a sewer
  3309 | D:5      | Found an ancient bone altar of Kikubaaqudgha.
  3942 | D:6      | Reached skill level 10 in Axes
  4147 | D:6      | Reached XP level 9. HP: 57/79 MP: 9/9
  4297 | D:6      | Found Usiu's Jewellery Shop.
  4671 | D:6      | Found a sand-covered staircase.
  4689 | D:6      | Reached *** piety under Trog
  4702 | Ossuary  | Entered an ossuary
  4731 | Ossuary  | Reached skill level 11 in Axes
  4934 | Ossuary  | Gained mutation: Your body sometimes deteriorates upon
                  | taking damage. [potion of mutation]
  4934 | Ossuary  | Gained mutation: Your spells are a little harder to cast,
                  | but a little more powerful. [potion of mutation]
  5412 | D:7      | Noticed Dowan
  5421 | D:7      | Noticed Duvessa
  5427 | D:7      | Fell from the grace of Trog
  5427 | D:7      | Became a worshipper of Beogh the Brigand
  5435 | D:7      | HP: 3/79 [white imp/puff of frost (9)]
  5436 | D:7      | HP: 1/78 [wight (1)]
  5437 | D:7      | Slain by a wight

Illustrated notes

Levels and vault maps discovered:
D:1:      saegor_arrival_simple_e, layout_loops_ring,
          shapermc_ecumenical_altar_totnotflames
D:2:      layout_basic
D:4:      layout_basic, kennysheep_windowed_goal
D:5:      layout_layer_cave, lemuel_zombie_altar_kikubaaqudgha,
          evilmike_ruin_ashenzari, cheibrodos_sewer_entry_bend, minivault_5,
          uniq_eustachio
D:6:      layout_rooms, serial_shops, shop, enter_ossuary_3
D:7:      layout_basic, chequers_temple_overflow_minitemple,
          minmay_temple_entry_glass, uniq_duvessa, uniq_maggie

Skill      XL: |  1  2  3  4  5  6  7  8  9 |
---------------+----------------------------+-----
Fighting       | 4 5 6 7 |  7.9
Axes           | 5 6 7 8 10 11 | 11.4
Dodging        | 2 |  2.3
Armour         | 3 4 6 7 |  7.6
Evocations     | 1 2 3 |  3.2

Action                   |  1- 3 |  4- 6 |  7- 9 || total
-------------------------+-------+-------+-------++-------
Melee: Hand axe          |    74 |    56 |   343 ||   473
Invok: Berserk           |     1 |     1 |     4 ||     6
       Trog's Hand       |       |       |     1 ||     1
       Convert to Beogh  |       |       |     1 ||     1
Evoke: Wand              |       |    10 |    27 ||    37
  Use: Scroll            |     1 |     1 |    11 ||    13
       Potion            |       |       |     9 ||     9
 Stab: Paralysed         |       |       |    23 ||    23
Armor: Animal skin       |    11 |       |       ||    11
       Chain mail        |    37 |    36 |   214 ||   287
Dodge: Dodged            |    41 |    27 |   128 ||   196

Table legend: (Time is in decaauts)
 A = Elapsed time spent in this place.
 B = Non-inter-level travel time spent in this place.
 C = Inter-level travel time spent in this place.
 D = Time resting spent in this place.
 E = Time spent auto-exploring this place.
 F = Levels seen in this place.
 G = Mean time per level.
                   A        B        C        D        E       F      G
               +--------+--------+--------+--------+--------+-----+--------+
         Total |   5501 |   5305 |    196 |    339 |   3620 |   8 |  687.6 |
       Dungeon |   4755 |   4559 |    196 |    172 |   3404 |   6 |  792.5 |
         Sewer |    334 |    334 |      0 |      0 |     77 |   1 |  334.0 |
       Ossuary |    411 |    411 |      0 |    166 |    139 |   1 |  411.0 |
               +--------+--------+--------+--------+--------+-----+--------+

Top non-repeatable levels by time:
     D:5: 1497 daAuts
     D:4: 1201 daAuts
     D:1: 992 daAuts
     D:6: 984 daAuts
 Ossuary: 411 daAuts
   Sewer: 334 daAuts
     D:7: 71 daAuts
     D:2: 7 daAuts
